 Zot Defence DCSS version 0.13.2 (webtiles) character file.

550 sanboga the Cudgeler (level 7, -5/66 HPs)
             Began as a Gargoyle Berserker on Jan 31, 2018.
             Was a Believer of Trog.
             Slain by a gnoll shaman
             ... wielding a +2,+0 whip
              (7 damage)
             ... in the Realm of Zot (Scenario V: Glassed Sandwich).
             The game lasted 00:05:37 (648 turns).

sanboga the Cudgeler (Gargoyle Berserker)            Turns: 648, Time: 00:05:37

HP  -5/66        AC  7     Str 28      XL: 7   Next: 24%
MP   6/6         EV 12     Int  7      God: Trog [**....]
Gold 20          SH  0     Dex  9      Spells:  0 memorised,  6 levels left

Res.Fire  : . . .   See Invis. : .   a - +0 mace (curse)
Res.Cold  : . . .   Warding    : .   b - +0 animal skin
Life Prot.: + . .   Conserve   : .   (no shield)
Res.Poison: +       Res.Corr.  : .   (no helmet)
Res.Elec. : +       Clarity    : .   (no cloak)
Sust.Abil.: . .     Spirit.Shd : .   (no gloves)
Res.Mut.  : .       Stasis     : .   (no boots)
Res.Rott. : +       Flight     : .   (no amulet)
Saprovore : . . .                    (no ring)
                                     (no ring)

@: berserking, very quick, slightly resistant to hostile enchantments, extremely
unstealthy
A: fangs 1, talons 2, life protection 1, electricity resistance, slow metabolism
1, unbreathing, petrification resistance, AC +4
a: Make dart trap, Make oklob sapling, Make arrow trap, Make plant, Remove
Curse, Make burning bush, Make altar, Make grenades, Make oklob plant, Burn
Spellbooks, Berserk, Trog's Hand, Renounce Religion


You were in the Realm of Zot.
You worshipped Trog.
Trog was pleased with you.
You were not hungry.

You visited 1 branch

Inventory:

Hand weapons
 a - a cursed +0,+0 mace (weapon)
Missiles
 k - an exploding dart (quivered)
Armour
 b - a +0 animal skin (worn)
Comestibles
 d - a bread ration
Scrolls
 i - a scroll of blinking
Potions
 c - 3 potions of curing
 f - a potion of speed
 g - 2 potions of magic
 h - a potion of berserk rage


   Skills:
 + Level 5.9 Fighting
 + Level 6.9 Maces & Flails
 - Level 0.4 Throwing
 + Level 3.0 Armour
 - Level 1.5 Dodging


You had 6 spell levels left.
You didn't know any spells.

Dungeon Overview and Level Annotations

Branches:
    Zot (1/1)

Altars:


Innate Abilities, Weirdness & Mutations

You are resistant to torment.
You are immune to poison.
Your stone body is very resilient (AC +4).
You have very sharp teeth.
You have razor-sharp toenails.
You resist negative energy.
You are resistant to electric shocks.
You have a slow metabolism.
You can survive without breathing.
You are immune to petrification.


Message History

Trog accepts your kill.
A hobgoblin comes into view.
The goblin shoots a stone.
The stone misses you.
Your oklob sapling is no longer paralysed.
The goblin shoots a stone.
The stone misses you.
You feel less exhausted.
The goblin shoots a stone.
The stone hits you!
You closely miss the gnoll shaman.
The goblin shoots a stone.
The stone hits you!
* * * LOW HITPOINT WARNING * * *
Your oklob plant spits acid at the goblin.
The splash of acid hits the goblin.
The goblin writhes in agony as its flesh is eaten away!
The goblin dies!
The gnoll shaman picks up an orcish dagger.
Use which ability? (? or * to list)
A red film seems to cover your vision as you go berserk!
You feel yourself moving faster!
You feel mighty! The gnoll shaman hits you with a whip!
You die...

#################################
................(................
..............##%##..............
.............##...##.............
............##..)..##............
...........##...(...##...........
..........##.........##..........
###########.P...%.....###########
∆∆∆∆∆∆#########%@%########∆∆∆∆∆∆∆
###########....%g%..GP###########
..........##....(....##..........
...........##...g...##...........
............##.....##............
.............##.%.##.............
..............##%##..............
.................................
#################################


You could see a gnoll shaman, Sethrac the giant eyeball, a hobgoblin, a friendly
oklob plant and a friendly oklob sapling.

Vanquished Creatures
  Menkaure (Zot)
  A hound (Zot)
  2 giant centipedes (Zot)
  A green rat (Zot)
  A worm (Zot)
  2 oozes (Zot)
  An orc (Zot)
  3 giant cockroaches (Zot)
  A hobgoblin (Zot)
  A quokka (Zot)
  2 ball pythons (Zot)
  A ball python skeleton (Zot)
  5 bats (Zot)
  A giant newt (Zot)
  5 goblins (Zot)
  3 kobolds (Zot)
  5 rats (Zot)
36 creatures vanquished.

Vanquished Creatures (collateral kills)
  A hound (Zot)
  A giant centipede (Zot)
  A worm (Zot)
  2 giant geckos (Zot)
  4 bats (Zot)
  A ball python (Zot)
  A giant cockroach (Zot)
  3 giant newts (Zot)
  3 goblins (Zot)
  5 rats (Zot)
22 creatures vanquished.

Vanquished Creatures (others)
  An oklob sapling (Zot)
1 creature vanquished.

Grand Total: 59 creatures vanquished

Notes
Turn   | Place    | Note
--------------------------------------------------------------
     0 | Zot      | sanboga, the Gargoyle Berserker, began the quest for the Orb.
     0 | Zot      | Reached XP level 1. HP: 14/14 MP: 0/0
   268 | Zot      | Reached XP level 2. HP: 14/19 MP: 1/1
   284 | Zot      | Reached skill level 4 in Maces & Flails
   319 | Zot      | Reached XP level 3. HP: 20/24 MP: 2/2
   453 | Zot      | Reached XP level 4. HP: 24/29 MP: 3/3
   463 | Zot      | Acquired Trog's second power
   525 | Zot      | Reached skill level 5 in Fighting
   525 | Zot      | Reached skill level 5 in Maces & Flails
   525 | Zot      | Reached XP level 5. HP: 28/34 MP: 4/4
   548 | Zot      | Reached XP level 6. HP: 27/40 MP: 5/5
   577 | Zot      | Noticed Menkaure
   598 | Zot      | HP: 1/60 [Menkaure (15)]
   600 | Zot      | Killed Menkaure
   600 | Zot      | Reached skill level 6 in Maces & Flails
   600 | Zot      | Reached XP level 7. HP: 1/44 MP: 6/6
   617 | Zot      | Paralysed by Sethrac for 3 turns
   625 | Zot      | Paralysed by Sethrac for 3 turns
   647 | Zot      | HP: 1/44 [goblin/ stone (5)]
   648 | Zot      | Slain by a gnoll shaman

Action                   |  1- 3 |  4- 6 |  7- 9 || total
-------------------------+-------+-------+-------++-------
Melee: Mace              |    49 |    48 |     5 ||   102
Throw: Stone             |       |     2 |       ||     2
       Dart              |       |     1 |       ||     1
Invok: Berserk           |       |     1 |     1 ||     2
 Abil: Make oklob saplin |     2 |       |       ||     2
       Make oklob plant  |       |       |     1 ||     1
  Use: Potion            |       |     1 |       ||     1
